 Dungeon Crawl Stone Soup version 0.29-a0-887-gcbe080d7e0 (webtiles) character file.

Game seed: 5124074129489071445

3887 inmateoo the Zephyrmancer (level 10, 0/58 HPs)
             Began as a Tengu Air Elementalist on July 22, 2022.
             Was a Believer of Sif Muna.
             Slain by an orc warrior
             ... wielding a +0 glaive
              (22 damage)
             ... in a bailey.
             The game lasted 00:11:34 (8838 turns).

inmateoo the Zephyrmancer (Tengu Air Elementalist)  Turns: 8838, Time: 00:11:34

Health: 0/58       AC:  4    Str:  8    XL:     10   Next: 19%
Magic:  11/23      EV: 17    Int: 19    God:    Sif Muna [**....]
Gold:   443        SH:  0    Dex: 16    Spells: 15/25 levels left

rFire   . . .      SeeInvis .   d - +2 sling
rCold   . . .      Faith    .   (no shield)
rNeg    . . .      Spirit   .   a - +1 robe
rPois   .          Reflect  .   (helmet restricted)
rElec   .          Harm     .   (no cloak)
rCorr   .          Rampage  .   h - +0 pair of gloves
Will    .....                   (boots unavailable)
Stlth   +++.......              (no amulet)
HPRegen 0.19/turn               (no ring)
MPRegen 0.18/turn               (no ring)

@: flying quickly and evasively, quick
A: beak, talons 3, nimble flight
a: Renounce Religion, Channel Magic


You were in a bailey.
You worshipped Sif Muna.
Sif Muna was pleased with you.
You visited 2 branches of the dungeon, and saw 8 of its levels.
You also visited: Bailey.

You collected 443 gold pieces.

Inventory:

Hand Weapons
 d - a +2 sling (weapon)
Missiles
 r - a curare-tipped dart (quivered)
Armour
 a - a +1 robe (worn)
 h - a +0 pair of gloves (worn)
Jewellery
 g - an amulet of reflection
Wands
 u - a wand of iceblast (4)
 w - a wand of digging (1)
Scrolls
 c - 2 scrolls of enchant armour
 p - 2 scrolls of teleportation
 t - a scroll of butterflies
Potions
 b - 3 potions of magic
 e - 2 potions of flight
 f - 2 potions of heal wounds
 i - a potion of brilliance {unknown}
 j - 4 potions of invisibility
 k - 4 potions of might {unknown}
 l - a potion of attraction
 m - 5 potions of haste
 n - 3 potions of curing
 q - 3 potions of berserk rage
 s - 2 potions of resistance


   Skills:
 + Level 4.7 Fighting
 + Level 4.8 Dodging
 - Level 4.0 Stealth
 + Level 8.3 Spellcasting
 + Level 5.2 Conjurations
 + Level 10.5 Air Magic
 + Level 2.2 Invocations


You had 15 spell levels left.
You knew the following spells:

 Your Spells              Type           Power      Damage    Failure   Level
a - Shock                 Conj/Air       100%       1d9       1%          1
b - Static Discharge      Conj/Air       37%        3-8/arc   1%          2
c - Swiftness             Air            47%        N/A       1%          3
d - Airstrike             Air            23%        0-8+      1%          4

Your spell library contained the following spells:

 Spells                   Type           Power      Damage    Failure   Level
 Summon Small Mammal      Summ           28%        N/A       9%          1
 Sublimation of Blood     Necr           7%         N/A       13%         2
 Wereblood                Tmut           7%         N/A       13%         2
 Call Canine Familiar     Summ           7%         N/A       26%         3
 Gell's Gravitas          Tloc           7%         N/A       26%         3
 Summon Guardian Golem    Hex/Summ       7%         N/A       26%         3
 Teleport Other           Tloc           7%         N/A       26%         3
 Dispersal                Tloc           3%         N/A       100%        6
 Summon Hydra             Summ           3%         N/A       100%        7


Dungeon Overview and Level Annotations

Branches:
Dungeon (7/15)             Temple (1/1) D:5          Bailey (1/1)

Altars:
Ashenzari
Cheibriados
Dithmenos
Elyvilon
Fedhas
Gozag
Kikubaaqudgha
Makhleb
Nemelex Xobeh
Sif Muna
Trog

Shops:
D:5 (


Innate Abilities, Weirdness & Mutations

You have a beak for a mouth.
You have claws for feet.
Your magical nature lets you fly swiftly and evasively.


Message History

The orc knight hits you from afar with a +0 glaive!
Casting: Airstrike (dangerous; 1% risk of failure)
Confirm with . or Enter, or press ? or * to list all spells.
Aiming: Airstrike (dangerous; 1% risk of failure)
Press: ? - help, Dir - move target, f/p - orc knight
Aim: an orc knight, wielding a +0 glaive and wearing a +0 scale mail (poison gas, almost dead, extremely poisoned, empty space bonus: 8/8)
The air twists around and strikes the orc knight!
You kill the orc knight!
Sif Muna accepts your kill.
Your Conjurations skill increases to level 5!
Your Invocations skill increases to level 2!
You start resting.
Your surroundings suddenly seem different.
An orc knight and 3 orc warriors come into view.
Found four items.
Found a gate leading back out of this place.
Unknown command.
Okay, then.
You see here a scroll of summoning.
As you read the scroll of summoning, it crumbles to dust.
Wisps of shadow whirl around you...
The orc warrior shouts!
The orc knight shouts!
The orc warrior hits your orc with a +0 trident!
Your orc dies!
Your orc's corpse dissolves into shadows!
You swap places.
The orc knight roars a battlecry!
The orc warriors go into a battle-frenzy!
The orc warrior closely misses you.
The orc warrior hits you from afar with a +0 glaive!!
* * * LOW HITPOINT WARNING * * *
You see here a scroll of summoning.
Okay, then.
It was a potion of heal wounds.
You feel much better.
Your orc barely misses the orc warrior.
Your orc closely misses the orc knight.
Your orc barely misses the orc warrior.
Your orc closely misses the orc warrior.
The orc warrior hits you from afar with a +0 halberd!!
The orc warrior hits you from afar with a +0 glaive!!
You die...

#######
##..∩..##
#..o.o..#
#.o?oo..#
#..?.@..#
#..?oo..#
#..ooo..#
#.......#
#.......#
#.......#
#.......#
#.......#
##.....##


You could see an orc knight (ally target), 3 orc warriors and 6 friendly orcs.

Vanquished Creatures
  A two-headed ogre (D:7)
  An orc knight (Bailey)
  Sigmund (D:4)
  The ghost of Vorhees the Magician, an amateur DjVM (D:3)
  A water moccasin (D:6)
  A sky beast (D:6)
  A black bear (D:6)
  6 orc warriors
  An ogre (D:5)
  A phantom (D:5)
  6 scorpions
  4 wights (D:6)
  An electric eel (D:6)
  5 orc priests
  A gnoll bouda (D:3)
  2 hounds
  4 jellies
  2 iguanas
  7 orc wizards
  9 gnolls
  12 adders
  2 ufetubi
  A worm (D:3)
  2 dart slugs
  43 orcs
  6 ball pythons
  7 bats
  8 endoplasms
  5 giant cockroaches
  7 goblins
  10 hobgoblins
  3 jackals (D:2)
  7 kobolds
  10 quokkas
  4 frilled lizards
  3 rats (D:3)
186 creatures vanquished.

Vanquished Creatures (others)
  4 toadstools (D:1)
4 creatures vanquished.

Grand Total: 190 creatures vanquished

Notes
Turn   | Place    | Note
-------+----------+-------------------------------------------
     0 | D:1      | inmateoo the Tengu Air Elementalist began the quest for the
                  | Orb.
     0 | D:1      | Reached XP level 1. HP: 10/10 MP: 4/4
   235 | D:1      | Found a faded altar of an unknown god.
   294 | D:1      | Reached XP level 2. HP: 16/16 MP: 6/6
   394 | D:1      | Learned a level 2 spell: Static Discharge
  1221 | D:2      | Reached XP level 3. HP: 19/20 MP: 4/7
  1467 | D:2      | Reached skill level 1 in Fighting
  1736 | D:2      | Reached XP level 4. HP: 23/25 MP: 5/8
  2402 | D:3      | Found a runed translucent gate.
  2402 | D:3      | Found an opulent altar of Gozag.
  2403 | D:3      | Found a runed translucent gate.
  2404 | D:3      | Found a runed translucent gate.
  2405 | D:3      | Noticed Vorhees's ghost (amateur DjVM)
  2615 | D:3      | Killed Vorhees's ghost
  2616 | D:3      | Reached skill level 5 in Air Magic
  2616 | D:3      | Gained mutation: Your magical nature lets you fly swiftly
                  | and evasively. [Tengu growth]
  2616 | D:3      | Reached XP level 5. HP: 30/30 MP: 2/10
  2616 | D:3      | Reached XP level 6. HP: 35/35 MP: 2/11
  2700 | D:4      | Found a sparkling altar of Nemelex Xobeh.
  3437 | D:4      | Reached XP level 7. HP: 40/40 MP: 12/12
  3626 | D:4      | Noticed Sigmund
  3634 | D:4      | Killed Sigmund
  3635 | D:4      | Reached skill level 6 in Air Magic
  3738 | D:4      | Learned a level 3 spell: Swiftness
  3743 | D:4      | Learned a level 4 spell: Airstrike
  4941 | D:5      | Entered Level 5 of the Dungeon
  4983 | D:5      | Found a staircase to the Ecumenical Temple.
  5011 | Temple   | Entered the Ecumenical Temple
  5389 | Temple   | Became a worshipper of Sif Muna the Loreminder
  5506 | D:5      | Reached XP level 8. HP: 43/47 MP: 9/15
  5563 | D:5      | Reached skill level 7 in Air Magic
  5916 | D:5      | Found Owuumus's Weapon Emporium.
  6457 | D:6      | Reached skill level 8 in Air Magic
  6460 | D:6      | Reached skill level 5 in Spellcasting
  7135 | D:6      | Reached * piety under Sif Muna
  7136 | D:6      | Reached skill level 9 in Air Magic
  7136 | D:6      | Reached XP level 9. HP: 34/52 MP: 10/18
  7782 | D:6      | Reached skill level 10 in Air Magic
  8278 | D:7      | Noticed a two-headed ogre
  8283 | D:7      | Killed a two-headed ogre
  8479 | D:7      | Found a shadowy altar of Dithmenos.
  8496 | D:7      | Found a flagged portal.
  8524 | Bailey   | Entered a bailey
  8540 | Bailey   | Reached ** piety under Sif Muna
  8651 | Bailey   | Reached skill level 1 in Invocations
  8824 | Bailey   | Noticed an orc knight
  8831 | Bailey   | Reached XP level 10. HP: 58/58 MP: 18/23
  8833 | Bailey   | Killed an orc knight
  8834 | Bailey   | Reached skill level 5 in Conjurations
  8834 | Bailey   | Noticed an orc knight
  8838 | Bailey   | Slain by an orc warrior

Illustrated notes

Levels and vault maps discovered:
D:1:      ldierk_walled_garden_2, layout_rooms, basic_ecumenical_altar,
          kennysheep_nondescript, nrook_campfire, serial_park_tiny_pond
D:2:      layout_basic
D:3:      minmay_chambers_of_twos, layout_basic, ebering_ghost_gozag,
          grunt_ministairs_14
D:4:      layout_rooms, mainiacjoe_overflow_cross_hatched, uniq_sigmund
D:5:      layout_loops_ring, minmay_temple_entry_mini_moons, serial_shops,
          nicolae_shop_temple_entry_statues_fountains,
          kennysheep_generic_room_16
D:6:      cheibrodos_helix_gallery, layout_loops_ring
D:7:      layout_rooms, mainiacjoe_overflow_alcove_4, enter_bailey_2
Temple:   chequers_temple_sunken
Bailey:   bailey_polearm_5, bailey

Skill      XL: |  1  2  3  4  5  6  7  8  9 10 |
---------------+-------------------------------+-----
Conjurations   | 2 3 4 5 |  5.2
Fighting       | 1 2 3 4 |  4.7
Stealth        | 3 4 |  4.0
Dodging        | 3 4 |  4.8
Air Magic      | 5 6 9 10 | 10.5
Spellcasting   | 3 4 5 8 |  8.3
Invocations    | 1 2 |  2.2

Action                   |  1- 3 |  4- 6 |  7- 9 | 10-12 || total
-------------------------+-------+-------+-------+-------++-------
Melee: Unarmed           |     9 |     5 |       |       ||    14
       Kick              |     3 |     1 |       |       ||     4
       Peck              |     1 |     1 |       |       ||     2
 Fire: Sling             |       |    14 |   153 |       ||   167
Throw: Dart              |       |       |     3 |       ||     3
 Cast: Shock             |    23 |     5 |    20 |       ||    48
       Static Discharge  |    15 |    35 |    81 |       ||   131
       Airstrike         |       |       |     7 |     2 ||     9
Evoke: Wand              |       |       |     1 |       ||     1
  Use: Scroll            |     4 |     4 |    13 |     2 ||    23
       Potion            |       |     1 |     1 |     1 ||     3
Armor: Robe              |     7 |     9 |    13 |       ||    29
       Skin              |       |     4 |       |       ||     4
Dodge: Dodged            |    22 |    27 |    91 |     1 ||   141

Table legend: (Time is in decaauts)
 A = Elapsed time spent in this place.
 B = Non-inter-level travel time spent in this place.
 C = Inter-level travel time spent in this place.
 D = Time resting spent in this place.
 E = Time spent auto-exploring this place.
 F = Levels seen in this place.
 G = Mean time per level.
                   A        B        C        D        E       F      G
               +--------+--------+--------+--------+--------+-----+--------+
         Total |   8648 |   8367 |    281 |   4302 |   2813 |   9 |  960.9 |
       Dungeon |   7975 |   7729 |    246 |   4119 |   2493 |   7 | 1139.3 |
        Temple |    360 |    325 |     35 |      0 |    316 |   1 |  360.0 |
        Bailey |    311 |    311 |      0 |    182 |      3 |   1 |  311.0 |
               +--------+--------+--------+--------+--------+-----+--------+

Top non-repeatable levels by time:
     D:3: 2150 daAuts
     D:6: 1660 daAuts
     D:5: 1327 daAuts
     D:1: 1140 daAuts
     D:4: 805 daAuts
     D:2: 790 daAuts
  Temple: 360 daAuts
  Bailey: 311 daAuts
     D:7: 101 daAuts
